 Dungeon Crawl Stone Soup version 0.30.0-5-g1a98f26d00 (webtiles) character file.

Game seed: 13344738840663961438

1477 hawla the Arsonist (level 9, -3/64 HPs)
             Began as a Meteoran Fire Elementalist on May 11, 2023.
             Killed by divine providence
             ... invoked by an orc priest
              (17 damage)
             ... on level 6 of the Dungeon.
             The game lasted 00:13:41 (2815 turns).

hawla the Arsonist (Meteoran Fire Elementalist)     Turns: 2815, Time: 00:13:42

Health: -3/64      AC:  2    Str: 10    XL:     9   Next: 27%
Magic:  1/20       EV: 13    Int: 24    God:
Gold:   22         SH:  0    Dex: 16    Spells: 15/22 levels left

rFire   . . .        j - +0 quarterstaff
rCold   . . .        (shield currently unavailable)
rNeg    . . .        a - +0 robe
rPois   .            i - +0 hat
rElec   .            (no cloak)
rCorr   .            (no gloves)
SInv    .            (no boots)
Will    +....        h - amulet of regeneration
Stlth   +            (no ring)
HPRegen 1.10/turn    (no ring)
MPRegen 0.17/turn

%: no passive effects
@: attractive, glowing
A: sense surroundings 2, otherworldly, glowing, explore regen, thin skeletal
structure 1, clever 1
a: no special abilities


You were on level 6 of the Dungeon.
You visited 1 branch of the dungeon, and saw 6 of its levels.

You collected 236 gold pieces.
You spent 214 gold pieces at shops.

Inventory:

Hand Weapons
 j - a +0 quarterstaff (weapon)
Armour
 a - a +0 robe (worn)
 i - a +0 hat (worn)
Jewellery
 h - an amulet of regeneration (around neck)
Wands
 e - a wand of polymorph (9) (quivered)
 m - a wand of paralysis (5)
Scrolls
 c - 4 scrolls of identify
 f - a scroll of teleportation {unknown}
 g - a scroll of magic mapping {unknown}
 k - 2 scrolls of enchant armour {unknown}
 l - a scroll of enchant weapon {unknown}
 o - a scroll of blinking {unknown}
 q - a scroll of amnesia {unknown}
 r - a scroll of immolation {unknown}
Potions
 b - 2 potions of magic
 d - 3 potions of attraction
 n - a potion of resistance
 p - a potion of degeneration {unknown}
 s - a potion of brilliance
 t - 2 potions of curing {unknown}
 u - 3 potions of lignification {unknown}


   Skills:
 + Level 1.3 Fighting
 + Level 2.0 Staves
 + Level 3.6 Dodging
 - Level 1.4 Stealth
 + Level 7.0 Spellcasting
 + Level 6.2 Conjurations
 + Level 8.1 Fire Magic
 + Level 3.0 Evocations


You had 15 spell levels left.
You knew the following spells:

 Your Spells              Type           Power      Damage    Failure   Level
a - Foxfire               Conj/Fire      100%       2x1d9     1%          1
b - Scorch                Fire           94%        2d9       1%          2
c - Flame Wave            Conj/Fire      42%        2d11      3%          4

Your spell library contained the following spells:

 Spells                   Type           Power      Damage    Failure   Level
 Inner Flame              Hex/Fire       28%        N/A       4%          3
 Volatile Blastmotes      Fire/Tloc      56%        2d14      4%          3
 Gell's Gravitas          Tloc           8%         N/A       22%         3
 Teleport Other           Tloc           8%         N/A       22%         3
 Dispersal                Tloc           4%         N/A       100%        6


Dungeon Overview and Level Annotations

Branches:
Dungeon (6/15) Zot: 755
 Temple: D:4-7

Altars:
Fedhas
Gozag
Makhleb
Sif Muna
Uskayaw
Wu Jian
Zin

Shops:
D:2 *   D:3 :   D:4 =


Innate Abilities, Weirdness & Mutations

You passively map the area around you.
You are easily found by Zot.
You glow in the dark.
You regain HP and MP as you explore.
You have a somewhat thin skeletal structure. (Dex +2, Stealth+)
Your mind is acute. (Int +4, Str/Dex -1)


Message History

Confirm with . or Enter, or press ? or * to list all spells.
Casting: Flame Wave (dangerous; 4% risk of failure)
Press: ? - help, Dir - look around, f - activate A wave of flame ripples out!
The flame wave engulfs the bullfrog!
The bullfrog is heavily wounded. (Press . to intensify the flame waves.)
You hear an angry hiss.
You hear a shout! x2
The bullfrog hits you. The bullfrog misses you.
The gnoll sergeant hits you from afar with a +0 trident of protection!
A wave of flame ripples out!
The flame wave engulfs the bullfrog!!
You kill the bullfrog!
The flame wave engulfs the gnoll sergeant!
The gnoll sergeant is burned terribly!
You kill the gnoll sergeant!
You hear a shout!
An iguana comes into view.
An orc comes into view.
It is wielding a +0 club and wearing a +0 chain mail of willpower.
Your Staves skill increases to level 2!
Your Spellcasting skill increases to level 7!
Your Fire Magic skill increases to level 8!
A wave of flame ripples out!
The flame wave engulfs the orc wizard.
The orc wizard is lightly wounded.
You finish channelling waves of flame.
The orc priest mumbles some strange prayers to Beogh against you.
Beogh smites you!
* * * LOW HITPOINT WARNING * * *
An orc priest comes into view. It is wielding a +0 hand axe.
Casting: Flame Wave (dangerous; 3% risk of failure)
Confirm with . or Enter, or press ? or * to list all spells.
You conjure some foxfire!
It was a potion of attraction.
You feel attractive to monsters.
The foxfire hits the orc wizard.
The orc wizard is moderately wounded.
The foxfire hits the orc wizard!
The orc wizard is almost dead.
The orc wizard closely misses you.
The orc priest mumbles some strange prayers to Beogh against you.
Beogh smites you!
You die...

*, ' , , ,, , * ,, #'### *,,,, *
, .##....#### ,,,,, , , ***,
,.o........# ,, , , * ..
.....o....# ., , ......lo.....*
.. , , * ....*#......# ,... +
.[...##....o.##....,,**, , *
#..........@......., ,
##............##.... *
#.........)...######### , ,
#.....##...)..##......#######
.....###'######......##....#
######............#..............
#...##............##......##.....
<.................##......##.....
.................................


You could see an iguana, 2 orc priests, an orc wizard and an orc.

Vanquished Creatures
  Sigmund (D:6)
  Menkaure (D:6)
  A sky beast (D:6)
  2 black bears
  An orc warrior (D:6)
  2 ogres (D:4)
  A bullfrog (D:6)
  A gnoll sergeant (D:6)
  A jelly (D:6)
  2 orc priests (D:6)
  A sleepcap (D:4)
  A hound (D:5)
  4 orc wizards (D:6)
  Ijyb (D:3)
  3 iguanas
  7 gnolls
  4 adders
  2 ufetubi (D:5)
  2 worms
  5 dart slugs
  8 orcs
  A ball python (D:3)
  5 endoplasms
  3 giant cockroaches
  6 goblins
  4 hobgoblins
  2 jackals
  A kobold (D:2)
  5 quokkas
  3 bats
  2 frilled lizards
  A rat (D:2)
84 creatures vanquished.

Vanquished Creatures (others)
  183 foxfires
183 creatures vanquished.

Grand Total: 267 creatures vanquished

Notes
Turn   | Place    | Note
-------+----------+-------------------------------------------
     0 | D:1      | hawla the Meteoran Fire Elementalist began the quest for
                  | the Orb.
     0 | D:1      | Reached XP level 1. HP: 14/14 MP: 5/5
     6 | D:2      | Found Inushum's Assorted Antiques.
    21 | D:2      | Reached skill level 4 in Fire Magic
    21 | D:2      | Reached XP level 2. HP: 13/20 MP: 1/6
    53 | D:2      | Reached XP level 3. HP: 24/26 MP: 4/8
    56 | D:2      | Learned a level 2 spell: Scorch
   460 | D:3      | Noticed Ijyb
   471 | D:3      | Found Nateyst's Book Emporium.
   475 | D:3      | HP: 1/26 [endoplasm (2)]
   582 | D:3      | Reached XP level 4. HP: 33/33 MP: 5/9
   585 | D:3      | Killed Ijyb
   618 | D:3      | Reached skill level 5 in Fire Magic
   619 | D:3      | Identified the +1 robe of Zezxafi {-Cast rPois Str+6 Dex+4}
   681 | D:4      | Found an opulent altar of Gozag.
   681 | D:4      | Found a shimmering blue altar of Sif Muna.
   684 | D:4      | Found a blossoming altar of Fedhas.
   684 | D:4      | Found a hide-covered altar of Uskayaw.
   725 | D:4      | Reached XP level 5. HP: 38/38 MP: 2/11
   767 | D:4      | Noticed an ogre
   770 | D:4      | Gained mutation: You do not regenerate when monsters are
                  | visible. [potion of mutation]
   770 | D:4      | Gained mutation: You are agile. (Dex +4, Str/Int -1)
                  | [potion of mutation]
   770 | D:4      | Lost mutation: You are agile. (Dex +4, Str/Int -1) [potion
                  | of mutation]
   863 | D:3      | Learned a level 4 spell: Flame Wave
  1070 | D:3      | Noticed a black bear
  1074 | D:3      | Killed a black bear
  1075 | D:3      | Reached XP level 6. HP: 46/46 MP: 7/13
  1192 | D:2      | Bought a bubbling puce potion for 26 gold pieces
  1192 | D:2      | Bought 2 scrolls labelled SEMEIL BYTO for 58 gold pieces
  1252 | D:4      | Found Pugo Yloadgh's Jewellery Emporium.
  1343 | D:4      | Noticed an ogre
  1349 | D:4      | Killed an ogre
  1350 | D:4      | Reached skill level 5 in Conjurations
  1350 | D:4      | Reached XP level 7. HP: 51/51 MP: 8/14
  1352 | D:4      | Reached skill level 1 in Evocations
  1624 | D:5      | Entered Level 5 of the Dungeon
  1634 | D:5      | Found an ornate altar of the Wu Jian Council.
  1693 | D:5      | Found a glowing silver altar of Zin.
  1774 | D:5      | Reached skill level 1 in Staves
  1800 | D:5      | Lost mutation: You do not regenerate when monsters are
                  | visible. [potion of mutation]
  1800 | D:5      | Gained mutation: You have a somewhat thin skeletal
                  | structure. (Dex +2, Stealth+) [potion of mutation]
  1800 | D:5      | Gained mutation: Your mind is acute. (Int +4, Str/Dex -1)
                  | [potion of mutation]
  2215 | D:5      | Found a burning altar of Makhleb.
  2215 | D:5      | Noticed a blizzard demon
  2218 | D:5      | Noticed a neqoxec
  2218 | D:5      | Noticed a ynoxinul
  2442 | D:6      | Reached skill level 6 in Fire Magic
  2442 | D:6      | Reached XP level 8. HP: 58/58 MP: 10/16
  2551 | D:2      | Bought 2 murky clear potions for 52 gold pieces
  2551 | D:2      | Bought a silvery potion for 26 gold pieces
  2551 | D:2      | Bought 2 smoky yellow potions for 52 gold pieces
  2617 | D:6      | Reached skill level 5 in Spellcasting
  2678 | D:6      | Reached skill level 7 in Fire Magic
  2697 | D:6      | Reached skill level 1 in Fighting
  2767 | D:6      | Noticed Menkaure
  2769 | D:6      | Killed Menkaure
  2770 | D:6      | Gained mutation: You passively map the area around you.
                  | [Meteoran growth]
  2770 | D:6      | Reached XP level 9. HP: 64/64 MP: 15/19
  2792 | D:6      | Noticed Sigmund
  2794 | D:6      | Killed Sigmund
  2813 | D:6      | Reached skill level 8 in Fire Magic
  2815 | D:6      | Killed from afar by an orc priest

Illustrated notes

Levels and vault maps discovered:
D:1:      amcnicky_arrival_choice, layout_loops_corners
D:2:      minmay_diamond_boxcup, layout_loops_cross, serial_shops, shop
D:3:      layout_basic, serial_shops, shop, uniq_ijyb
D:4:      layout_basic, chequers_temple_overflow_statue_of_worship,
          serial_shops, nicolae_shop_waterfront
D:5:      layout_gridville, mainiacjoe_overflow_catch_the_wave,
          makhleb_altar_promises_db, serial_bayou, serial_bayou_shore_a,
          serial_bayou_lagoon_a, serial_bayou_shore_b, serial_bayou_pond_c
D:6:      layout_gridville, hangedman_abyss_or_decor_stabs, uniq_menkaure,
          uniq_duvessa, uniq_sigmund, uniq_edmund

Skill      XL: |  1  2  3  4  5  6  7  8  9 |
---------------+----------------------------+-----
Fire Magic     | 4 5 6 7 8 |  8.1
Spellcasting   | 3 4 6 7 |  7.0
Dodging        | 3 |  3.6
Conjurations   | 4 5 6 |  6.2
Evocations     | 3 |  3.0
Staves         | 1 2 |  2.0
Fighting       | 1 |  1.3
Stealth        | |  1.4

Action                     |  1- 3 |  4- 6 |  7- 9 || total
---------------------------+-------+-------+-------++-------
  Melee: Unarmed           |    13 |     2 |       ||    15
         Quarterstaff      |       |    19 |     5 ||    24
   Cast: Foxfire           |    28 |    36 |    46 ||   110
         Scorch            |     5 |    13 |    28 ||    46
         Flame Wave        |       |       |     6 ||     6
    Use: Potion            |     1 |     3 |     2 ||     6
         Scroll            |       |     1 |     2 ||     3
 Armour: Robe              |     4 |     7 |       ||    11
  Dodge: Dodged            |    17 |    28 |    17 ||    62
